 Dungeon Crawl Stone Soup version 0.28.0 (webtiles) character file.

Game seed: 8252576169829748437

15019 Gabide the Slinger (level 11, -10/95 HPs)
             Began as a Demigod Hunter on Feb 4, 2022.
             Mangled by a phantasmal warrior (15 damage)
             ... led by a death knight
             ... on level 12 of the Dungeon.
             The game lasted 00:27:42 (14626 turns).

Gabide the Slinger (Demigod Hunter)                Turns: 14626, Time: 00:27:43

Health: -10/95     AC: 16    Str: 25    XL:     11   Next: 65%
Magic:  14/14      EV: 13    Int: 13    God:
Gold:   517        SH: 10    Dex: 14    Spells: 10/10 levels left

rFire   + . .      SeeInvis .   f - +3 hunting sling (flame)
rCold   . . .      Faith    .   J - +0 buckler
rNeg    + . .      Spirit   .   t - +2 leather armour {rF+}
rPois   .          Reflect  +   d - +1 hat
rElec   .          Harm     .   c - +2 cloak {Stlth+}
rCorr   .          Rampage  .   B - +0 pair of gloves
Will    .....                   M - +0 pair of boots
Stlth   +++.......              j - amulet of reflection
HPRegen 0.25/turn               n - +4 ring of protection
MPRegen 0.14/turn               s - ring of positive energy

@: weak-willed
A: high MP 1, forlorn, divine attributes
a: no special abilities


You were on level 12 of the Dungeon.
You visited 2 branches of the dungeon, and saw 13 of its levels.

You collected 517 gold pieces.

Inventory:

Hand Weapons
 f - a +3 hunting sling of flaming (weapon)
 y - a +2 dagger of venom
 O - a +0 triple sword
Missiles
 e - 181 stones (quivered ammo)
Armour
 c - a +2 cloak of stealth (worn)
 d - a +1 hat (worn)
 t - a +2 leather armour of fire resistance (worn)
 B - a +0 pair of gloves (worn)
 J - a +0 buckler (worn)
 M - a +0 pair of boots (worn)
Jewellery
 j - an amulet of reflection (around neck)
 n - a +4 ring of protection (left hand)
 q - an amulet of regeneration
 s - a ring of positive energy (right hand)
 w - a ring of magical power
 C - a ring of positive energy
 G - a ring of poison resistance
 I - a +6 ring of dexterity
 N - a ring of protection from cold
Wands
 z - a wand of charming (11)
 P - a wand of acid (7)
Scrolls
 a - 2 scrolls of noise
 h - a scroll of fog
 p - a scroll of identify
 D - 2 scrolls of magic mapping
 L - a scroll of brand weapon
Potions
 b - 2 potions of brilliance {unknown}
 g - a potion of magic {unknown}
 k - 3 potions of berserk rage
 l - 2 potions of heal wounds {unknown}
 m - 2 potions of attraction
 o - a potion of cancellation {unknown}
 u - 2 potions of lignification {unknown}
 v - 3 potions of curing {unknown}
 x - 5 potions of mutation
 A - a potion of flight {unknown}
 E - a potion of resistance
 H - 2 potions of might {unknown}
 K - a potion of degeneration {unknown}


   Skills:
 + Level 8.5 Fighting
 + Level 1.4(1.8) Short Blades
 * Level 1.5(1.9) Long Blades
 + Level 12.9 Slings
 + Level 1.1(8.3) Throwing
 + Level 4.4 Armour
 + Level 4.6 Dodging
 + Level 4.1 Stealth
 + Level 5.8 Shields


You had 10 spell levels left.
You didn't know any spells.
Your spell library contained the following spells:

 Spells                   Type           Power      Damage    Failure   Level
 Animate Skeleton         Necr           0%         N/A       41%         1
 Pain                     Necr           0%         1d4       41%         1
 Summon Guardian Golem    Hex/Summ       0%         N/A       80%         3
 Vampiric Draining        Necr           0%         2d6       80%         3
 Freezing Cloud           Conj/Ice/Air   0%         6-21      100%        5
 Simulacrum               Ice/Necr       0%         N/A       100%        6
 Orb of Destruction       Conj           0%         9d5       100%        7
 Spellforged Servitor     Conj/Summ      0%         N/A       100%        7
 Polar Vortex             Ice            0%         N/A       100%        9


Dungeon Overview and Level Annotations

Branches:
Dungeon (12/15)            Temple (1/1) D:4            Lair (0/6) D:9
    Orc: D:9-12

Shops:
D:3 (

Portals:
Trove: D:10 (give 4 potions of resistance)

Annotations:
D:8 exclusion: statue


Innate Abilities, Weirdness & Mutations

You have an increased reservoir of magic. (+10% MP)
You shall have no god before yourself.
Your divine heritage dramatically boosts your attributes as you level up.


Message History

Okay, then.
Unknown command.
The phantasmal warrior gestures at you.
The phantasmal warrior blinks!
Really attack while wielding your +3 hunting sling of flaming? [Y]es or [N]o only, please.
Really attack while wielding your +3 hunting sling of flaming?
Okay, then.
Fire: 185 stones
Press: ? - help, Q - select action, (/) - cycle Shift-Dir - straight line, f/p - phantasmal warrior
Aim: a phantasmal warrior (lightly damaged, 71% to hit)
You shoot a stone. The stone hits the phantasmal warrior.
The stone burns the phantasmal warrior.
The phantasmal warrior is lightly damaged.
The phantasmal warrior hits you.
* * * LOW HITPOINT WARNING * * *
Unknown command.
Fire: 184 stones
Press: ? - help, Q - select action, (/) - cycle Shift-Dir - straight line, f/p - phantasmal warrior
Aim: a phantasmal warrior (lightly damaged, 71% to hit)
You shoot a stone.
The stone hits the phantasmal warrior but does no damage.
The phantasmal warrior is lightly damaged.
The death knight offers itself to Yredelemnul, and fills with unholy energy.
Fire: 183 stones
Press: ? - help, Q - select action, (/) - cycle Shift-Dir - straight line, f/p - phantasmal warrior
Aim: a phantasmal warrior (lightly damaged, 71% to hit)
You shoot a stone.
The stone hits the phantasmal warrior but does no damage.
The phantasmal warrior is lightly damaged.
The phantasmal warrior hits you!!
* * * LOW HITPOINT WARNING * * *
Your willpower is stripped away!
Fire: 182 stones
Press: ? - help, Q - select action, (/) - cycle Shift-Dir - straight line, f/p - phantasmal warrior
Aim: a phantasmal warrior (lightly damaged, 71% to hit)
You shoot a stone.
The stone barely misses the phantasmal warrior.
The phantasmal warrior hits you!
You die...

#.# #.# ####### #.# #.....#
#######.# #.....# #.......#
#.....# #.......#### #.....#
#...........
..###.....############...........
(((....(....W.Wp@W...............
..#.###############.#...#....#'##
# #.#.......##.# #...#...#..^.#
#............## #.....#........
#†#'#...###.... #.#'##### #....
#)....# #....


You could see a death knight (reflects damage), a phantasmal warrior and 2
wraiths.

Vanquished Creatures
  Gastronok (D:9)
  A hydra (D:11)
  A two-headed ogre (D:11)
  Pikel (D:4)
  A deep elf pyromancer (D:12)
  A cyclops (D:12)
  A manticore (D:8)
  A gargoyle (D:10)
  2 trolls
  Grinder (D:5)
  4 slime creatures (D:12)
  Sigmund (D:5)
  4 wraiths
  A water elemental (D:12)
  13 yaks
  Grum (D:9)
  3 vampire mosquitoes (D:11)
  A steam dragon (D:10)
  3 acid dragons
  Duvessa (D:4)
  3 water moccasins
  Edmund (D:5)
  5 orc warriors
  An ice beast (D:7)
  2 black bears
  2 necrophages (D:7)
  2 ogres
  8 wolves (D:9)
  2 centaurs
  2 lemures (D:4)
  5 bullfrogs
  A wyvern zombie (D:8)
  3 scorpions
  A water moccasin skeleton (D:3)
  Dowan (D:4)
  5 killer bees (D:8)
  13 wights
  7 electric eels
  2 howler monkeys (D:9)
  5 centaur zombies
  A bullfrog skeleton (D:6)
  3 hounds
  10 orc priests
  A centaur skeleton (D:7)
  Ijyb (D:3)
  11 orc wizards
  Robin (D:4)
  A howler monkey zombie (D:7)
  4 adders
  2 shadow imps
  2 white imps
  A worm (D:2)
  4 dart slugs
  42 orcs
  5 ball pythons
  6 endoplasms
  3 giant cockroaches
  17 goblins
  7 hobgoblins
  3 jackals (D:3)
  2 quokkas
  4 bats
  A frilled lizard (D:3)
  10 kobolds
  6 rats
262 creatures vanquished.

Vanquished Creatures (collateral kills)
  Crazy Yiuf (D:4)
1 creature vanquished.

Vanquished Creatures (others)
  A kobold brigand (D:9)
  An electric eel (D:12)
  2 plants (D:8)
4 creatures vanquished.

Grand Total: 267 creatures vanquished

Notes
Turn   | Place    | Note
-------+----------+-------------------------------------------
     0 | D:1      | Gabide the Demigod Hunter began the quest for the Orb.
     0 | D:1      | Reached XP level 1. HP: 17/17 MP: 3/3
   323 | D:1      | Reached skill level 4 in Slings
   328 | D:1      | Reached XP level 2. HP: 24/24 MP: 4/4
   810 | D:1      | Identified a scroll of acquirement
   810 | D:1      | Acquired a +2 hunting sling of flaming
   928 | D:2      | Reached XP level 3. HP: 29/29 MP: 5/5
  2194 | D:3      | Reached skill level 5 in Slings
  2194 | D:3      | Reached skill level 1 in Armour
  2194 | D:3      | Reached XP level 4. HP: 36/36 MP: 6/6
  2417 | D:3      | Reached XP level 5. HP: 42/42 MP: 7/7
  2432 | D:3      | Found Gesosho's Weapon Emporium.
  2719 | D:3      | Noticed Ijyb
  2723 | D:3      | Paralysed by Ijyb for 3 turns
  2729 | D:3      | Paralysed by Ijyb for 5 turns
  2737 | D:3      | Killed Ijyb
  3037 | D:4      | Noticed Dowan
  3039 | D:4      | Killed Dowan
  3040 | D:4      | Reached skill level 1 in Stealth
  3041 | D:4      | Noticed Duvessa
  3053 | D:4      | Killed Duvessa
  3054 | D:4      | Reached skill level 6 in Slings
  3054 | D:4      | Reached XP level 6. HP: 15/50 MP: 8/8
  3289 | D:4      | Identified the +1 helmet of a Billion Ultimatums {Rampage
                  | rElec Dex-5}
  3289 | D:4      | Noticed Robin
  3298 | D:4      | Killed Robin
  3361 | D:4      | Noticed Pikel
  3380 | D:4      | Killed Pikel
  3381 | D:4      | Reached skill level 7 in Slings
  3381 | D:4      | Reached XP level 7. HP: 25/58 MP: 9/9
  3556 | D:4      | Found a staircase to the Ecumenical Temple.
  3680 | Temple   | Entered the Ecumenical Temple
  3995 | D:4      | Found a runed translucent door.
  3996 | D:4      | Noticed Crazy Yiuf
  4676 | D:4      | Killed Crazy Yiuf
  4743 | D:5      | Entered Level 5 of the Dungeon
  4790 | D:5      | Noticed Grinder
  4809 | D:5      | Killed Grinder
  4810 | D:5      | Reached skill level 8 in Slings
  4810 | D:5      | Reached XP level 8. HP: 60/66 MP: 10/10
  5005 | D:5      | Noticed Sigmund
  5013 | D:5      | Killed Sigmund
  5285 | D:5      | Noticed Edmund
  5292 | D:5      | Killed Edmund
  5293 | D:5      | Reached skill level 9 in Slings
  5665 | D:6      | You fall into a shaft and drop 1 floor!
  5792 | D:7      | Reached skill level 5 in Fighting
  5823 | D:7      | Found a flagged portal.
  5913 | D:7      | Reached XP level 9. HP: 74/74 MP: 11/11
  6210 | D:7      | Reached skill level 1 in Shields
  6704 | D:7      | Reached skill level 10 in Slings
  7835 | D:8      | Noticed a manticore
  7853 | D:8      | Killed a manticore
  7854 | D:8      | Reached skill level 11 in Slings
  8648 | D:9      | Noticed Grum
  8661 | D:9      | Reached XP level 10. HP: 53/83 MP: 13/13
  8694 | D:9      | Killed Grum
  8945 | D:9      | Noticed Gastronok
  8991 | D:9      | Killed Gastronok
  9982 | D:9      | Found a staircase to the Lair.
 10987 | D:10     | Entered Level 10 of the Dungeon
 11151 | D:9      | Reached skill level 12 in Slings
 11252 | D:10     | Found a portal to a secret trove of treasure.
 11300 | D:10     | HP: 4/86 [poisoned by an orc wizard]
 12123 | D:10     | HP: 3/86 [yak (9)]
 12142 | D:10     | Reached skill level 1 in Short Blades
 12142 | D:10     | Reached XP level 11. HP: 7/92 MP: 14/14
 12656 | D:10     | Noticed a profane servitor
 12663 | D:10     | Noticed an angel
 12898 | D:11     | Noticed a seven-headed hydra
 12914 | D:11     | Reached skill level 1 in Throwing
 12933 | D:11     | Killed a seven-headed hydra
 12934 | D:11     | Reached skill level 5 in Shields
 13047 | D:11     | Noticed a two-headed ogre
 13054 | D:11     | Killed a two-headed ogre
 13128 | D:11     | Identified the +3 war axe "Wiuk" {vamp, Int+7}
 14208 | D:12     | Reached skill level 1 in Long Blades
 14430 | D:12     | Noticed a deep elf pyromancer
 14447 | D:12     | Killed a deep elf pyromancer
 14596 | D:12     | Noticed a death knight
 14600 | D:12     | Noticed a phantasmal warrior
 14625 | D:12     | HP: 4/95 [phantasmal warrior[a death knight] (21)]
 14626 | D:12     | Mangled by a phantasmal warrior

Illustrated notes

Levels and vault maps discovered:
D:1:      amcnicky_arrival_blooded_trapdoor, layout_basic
D:2:      layout_loops_ring, shapermc_ecumenical_altar_ellora,
          kennysheep_generic_room_5
D:3:      layout_basic, old_standard_altar, serial_shops, shop,
          chequers_serial_rivers_micro_c, uniq_ijyb
D:4:      layout_cave_pods, minitemple, minmay_temple_entry_statues_pillars,
          gup_sewer_entry_bowl, hangedman_decor_slide_cut, uniq_robin,
          uniq_pikel, uniq_crazy_yiuf_cottage, uniq_duvessa
D:5:      layout_loops_ring, corexii_hall_statues_i, kennysheep_nub,
          uniq_sigmund, uniq_grinder, uniq_edmund
D:6:      layout_rooms, ebering_ghost_gozag
D:7:      layout_loops_cross, enter_bailey_6
D:8:      wad_cavern_with_rooms, layout_basic, vehumet_statue,
          kennysheep_okawaru_gauntlet
D:9:      layout_stronghold, erik_lair_island, uniq_gastronok, uniq_grum
D:10:     layout_rooms, grunt_temple_overflow_holy_war,
          nicolae_trove_entry_isolated
D:11:     layout_roguey
D:12:     layout_basic, david_orc_5, portal_ice_cave_entry_pillars_1,
          lemuel_freeze_loot_1
Temple:   eino_temple_water

Skill      XL: |  1  2  3  4  5  6  7  8  9 10 11 |
---------------+----------------------------------+-----
Fighting       | 2 3 4 5 6 7 8 |  8.5
Slings         | 4 5 6 7 8 9 11 12 | 12.9
Armour         | 1 2 3 4 |  4.4
Stealth        | 1 3 4 |  4.1
Dodging        | 2 3 4 |  4.6
Shields        | 2 4 5 |  5.8
Short Blades   | 1 |  1.4
Throwing       | 1 |  1.1
Long Blades    | 1 |  1.5

Action                   |  1- 3 |  4- 6 |  7- 9 | 10-12 || total
-------------------------+-------+-------+-------+-------++-------
Melee: Dagger            |       |       |    10 |    14 ||    24
       Hunting sling     |       |       |     2 |     3 ||     5
 Fire: Hunting sling     |   109 |    91 |   406 |   554 ||  1160
Throw: Stone             |       |       |       |    18 ||    18
  Use: Scroll            |     7 |     1 |    14 |     6 ||    28
       Potion            |       |       |       |     6 ||     6
Armor: Leather armour    |    16 |     5 |    48 |    90 ||   159
Dodge: Dodged            |    16 |     6 |    45 |   104 ||   171
Block: Other             |     2 |     6 |    10 |       ||    18
       Buckler           |       |       |    25 |   103 ||   128
       Reflection        |       |       |       |     9 ||     9
